 Dungeon Sprint DCSS version 0.21-a0-110-g8e1637b (webtiles) character file.

5397 Kidiri the Unseen (level 10, -4/49 (53) HPs)
             Began as a Spriggan Enchanter on July 9, 2017.
             Was a Priest of Dithmenos.
             Killed from afar by a crystal guardian (33 damage)
             ... with a crystal bolt
             ... in the Dungeon (Sprint II: "The Violet Keep of Menkaure").
             The game lasted 00:14:27 (3200 turns).

Kidiri the Unseen (Spriggan Enchanter)              Turns: 3200, Time: 00:14:27

HP:   -4/49 (53)    AC:  3    Str:  4    XL:     10   Next: 40%
MP:   8/27          EV: 35    Int: 31    God:    Dithmenos [***...]
Gold: 491           SH:  0    Dex: 24    Spells: 21/33 levels left

rFire    . . .     SeeInvis +   a - +1 dagger
rCold    . . .     Gourm    .   (shield restricted)
rNeg     . . .     Faith    +   k - +1 robe {rF+}
rPois    .         Spirit   .   (helmet restricted)
rElec    .         Reflect  .   (no cloak)
rCorr    +         Harm     .   (gloves unavailable)
MR       +....     NoTele   +   (boots unavailable)
Stlth    +++++++++.             i - amulet "Bilaexura" {Faith rF- Int+8 Dex+5}
HPRegen  0.16/turn              l - ring of resist corrosion
MPRegen  0.20/turn              (no ring)

@: brilliant, wreathed by umbra, very quick
A: unfitting armour, repulsion field 1, see invisible, blink, herbivore 3, speed
3, slow metabolism 2
a: Blink, Shadow Step, Renounce Religion


You were in the Dungeon.
You worshipped Dithmenos.
Dithmenos was most pleased with you.
You were not hungry.

You visited 1 branch You collected 1425 gold pieces.
You spent 934 gold pieces at shops.

Inventory:

Hand Weapons
 a - a +1 dagger (weapon)
Armour
 k - a +1 robe of fire resistance (worn)
Jewellery
 i - the amulet "Bilaexura" (around neck) {Faith rF- Int+8 Dex+5}
   (You bought it in a shop in the Dungeon)

   [amulet of faith]

   It allows you to gain divine favour quickly.
   It affects your intelligence (+8).
   It affects your dexterity (+5).
   It makes you vulnerable to fire.
 l - a ring of resist corrosion (left hand)
 m - an uncursed amulet of faith
Scrolls
 j - 2 scrolls of blinking
 p - 3 scrolls of remove curse {unknown}
 t - 2 scrolls of fog {unknown}
 u - a scroll of random uselessness {unknown}
 v - a scroll of enchant armour {unknown}
 w - a scroll of magic mapping {unknown}
 x - a scroll of enchant weapon {unknown}
Potions
 e - 2 potions of curing
 f - a potion of heal wounds
 g - a potion of haste
 h - 6 potions of magic
 n - 2 potions of mutation
 o - a potion of brilliance
 r - 3 potions of flight {unknown}
 s - 3 potions of resistance {unknown}
Books
 c - a book of Maledictions

   Spells                             Type                      Level
   a - Corona                         Hexes                        1
   b - Ensorcelled Hibernation        Hexes/Ice                    2
   c - Confuse                        Hexes                        3
   d - Tukima's Dance                 Hexes                        3
   e - Dazzling Spray                 Conjuration/Hexes            3
Comestibles
 d - 3 bread rations
 q - 3 royal jellies


   Skills:
 + Level 5.7 Fighting
 * Level 11.0 Short Blades
 + Level 5.3 Armour
 * Level 13.9 Dodging
 * Level 15.3 Stealth
 * Level 12.2 Spellcasting
 + Level 4.2 Conjurations
 + Level 9.4 Hexes
 + Level 4.6 Ice Magic
 - Level 2.8 Invocations


You had 21 spell levels left.
You knew the following spells:

 Your Spells              Type           Power        Failure   Level  Hunger
a - Corona                Hex            #######      1%          1    None
b - Ensorcelled Hibernat  Hex/Ice        ######       1%          2    None
c - Confuse               Hex            #######.     1%          3    None
d - Tukima's Dance        Hex            #######.     1%          3    None
e - Dazzling Spray        Conj/Hex       ######       1%          3    None


Dungeon Overview and Level Annotations

Branches:
Dungeon (1/1)

Altars:
Cheibriados
Dithmenos
Elyvilon
Fedhas
Gozag
Hepliaklqana
Kikubaaqudgha
Makhleb
Nemelex Xobeh
Okawaru
Qazlal
Ru
Sif Muna
Trog
Uskayaw
Vehumet
Wu Jian
Xom
Yredelemnul
Zin
The Shining One
Beogh
Jiyva
Lugonu

Shops:
D =[:!%=?}:[[![?(!

Annotations:
D exclusion: oklob plant, Roxanne


Innate Abilities, Weirdness & Mutations

You are very small and have problems with some larger weapons.
You are too small for most types of armour.
You have supernaturally acute eyesight. (SInv)
You are a herbivore.
You cover ground extremely quickly.
You need consume almost no food.
You are surrounded by a mild repulsion field. (EV +2)
You can translocate small distances at will.


Message History

The crystal guardian completely misses you.
Casting: Dazzling Spray
Confirm with . or Enter, or press ? or * to list all spells.
Aiming: Dazzling Spray
Press: ? - help, Shift-Dir - straight line, f/p - crystal guardian
Aim: a crystal guardian (moderately damaged, umbra)
The spray of energy hits the crystal guardian.
The crystal guardian is moderately damaged.
The crystal guardian misses you.
Casting: Dazzling Spray
Confirm with . or Enter, or press ? or * to list all spells.
Aiming: Dazzling Spray
Press: ? - help, Shift-Dir - straight line, f/p - crystal guardian
Aim: a crystal guardian (moderately damaged, umbra)
The spray of energy hits the crystal guardian.
The crystal guardian is moderately damaged.
The crystal guardian fires a crystalline bolt at you.
The crystal bolt misses you. The crystal bolt freezes you!
Ouch! That really hurt!
You die...

+#### ▓▓▓ §≈≈§§≈## ..▓ §§§≈≈≈§##
▓▓+▓▓▓▓.▓ §§§§;≈≈;##++##
+...▓0..▓ §;≈§≈≈##≈...###
#§§§▓▓▓▓▓▓▓▓▓▓ ;;;≈
#e≈.....###..§▓≈§§§≈≈≈≈▓▓
++#+++#####.^..#!##§|▓▓▓▓▓▓▓▓▓▓▓
.......#.%+..(.#†8#=|▓!.......▓▓
##+##..#.(####.#@.#}:▓..(.....▓▓
#.#.##.####[[+.##.#)"▓(.......▓▓
%.#.%# ...#.[#...####▓..(.(.))▓▓
##%#####..#####..##.#▓.......(▓▓
##+###.##..#..+..#..#▓.....([.▓▓
##.##.#.#..#†)#..#..#▓[.)(...=▓▓
+%<.+###+..####.%##.#▓.)......▓▓
##.##.#.#....###^..##▓▓▓▓▓▓▓+▓▓▓▓
##+###.##......≈≈≈≈≈≈≈≈≈≈≈≈≈.§§X≈


You could see a crystal guardian.

Vanquished Creatures
  A fire dragon (D)
  A death yak (D)
  2 death drakes (D)
  A yaktaur (D)
  3 polar bears (D)
  A hornet (D)
  2 tyrant leeches (D)
  2 hippogriffs (D)
  2 wyverns (D)
  Menkaure (D)
  2 swamp drakes (D)
  4 necrophages (D)
  3 crocodiles (D)
  A scorpion (D)
  4 worker ants (D)
30 creatures vanquished.

Vanquished Creatures (others)
  A crocodile (D)
  24 tentacles (D)
25 creatures vanquished.

Grand Total: 55 creatures vanquished

Notes
Turn   | Place    | Note
-------+----------+-------------------------------------------
     0 | D        | Kidiri the Spriggan Enchanter began the quest for the Orb.
     0 | D        | Reached XP level 1. HP: 9/9 MP: 5/5
     1 | D        | Noticed a worker ant
     1 | D        | Noticed a worker ant
     5 | D        | Noticed a tyrant leech
     5 | D        | Noticed a tyrant leech
     8 | D        | Noticed a hippogriff
     8 | D        | Noticed a hippogriff
    12 | D        | Noticed a necrophage
    12 | D        | Noticed a necrophage
    12 | D        | Noticed a necrophage
    12 | D        | Noticed a necrophage
    20 | D        | Killed a necrophage
    20 | D        | Reached skill level 1 in Fighting
    20 | D        | Reached skill level 1 in Armour
    20 | D        | Reached skill level 5 in Dodging
    20 | D        | Reached skill level 7 in Stealth
    20 | D        | Reached skill level 5 in Spellcasting
    20 | D        | Reached XP level 2. HP: 15/15 MP: 6/9
    20 | D        | Reached XP level 3. HP: 18/18 MP: 6/10
    20 | D        | Reached XP level 4. HP: 23/23 MP: 7/12
    24 | D        | Killed a necrophage
    24 | D        | Reached skill level 8 in Stealth
    24 | D        | Reached skill level 5 in Hexes
    24 | D        | Reached XP level 5. HP: 26/26 MP: 7/14
    30 | D        | Killed a necrophage
    30 | D        | Reached skill level 5 in Short Blades
    30 | D        | Reached skill level 9 in Stealth
    55 | D        | Killed a necrophage
    55 | D        | Reached XP level 6. HP: 10/28 MP: 6/17
    79 | D        | Learned a level 2 spell: Ensorcelled Hibernation
    83 | D        | Learned a level 3 spell: Confuse
    87 | D        | Learned a level 3 spell: Tukima's Dance
    91 | D        | Learned a level 3 spell: Dazzling Spray
   364 | D        | Killed a hippogriff
   364 | D        | Reached skill level 10 in Stealth
   364 | D        | Reached skill level 1 in Ice Magic
   366 | D        | Killed a hippogriff
   366 | D        | Reached skill level 11 in Stealth
   366 | D        | Reached skill level 1 in Conjurations
   366 | D        | Reached XP level 7. HP: 33/33 MP: 14/20
   417 | D        | Reached skill level 10 in Dodging
   524 | D        | Noticed Menkaure
   525 | D        | Found Geptus's Antique Weapon Boutique.
   526 | D        | Killed Menkaure
   795 | D        | Killed a tyrant leech
   795 | D        | Reached skill level 12 in Stealth
   795 | D        | Reached XP level 8. HP: 38/38 MP: 19/22
   905 | D        | Killed a tyrant leech
   929 | D        | Noticed Roxanne
   933 | D        | Found Posei's Distillery.
   934 | D        | Found Pika's Magic Scroll Boutique.
   935 | D        | Found Xian's Distillery.
   935 | D        | Found Vabod's Antique Armour Shop.
   936 | D        | Found Sacwiaxuu's Antique Armour Boutique.
   936 | D        | Found Qeuphis's Antique Armour Boutique.
   943 | D        | Found Hoetieka's Gadget Shop.
   945 | D        | Found Taecedgh's Book Shop.
   946 | D        | Found Gupsue's Magic Scroll Shop.
   946 | D        | Found Inim's Jewellery Boutique.
   947 | D        | Noticed a hippogriff
   951 | D        | Noticed a slime creature
   951 | D        | Found Zajeos's Food Shop.
   951 | D        | Found Ryzyphuy's Distillery.
   951 | D        | Noticed a hippogriff
   951 | D        | Noticed a hippogriff
   951 | D        | Noticed an oklob plant
   952 | D        | Found Rolol's Armour Shop.
   952 | D        | Found Rirphit's Jewellery Boutique.
   952 | D        | Found Qeacs's Book Shoppe.
   952 | D        | Noticed a slime creature
   953 | D        | Noticed a slime creature
  1006 | D        | Bought the amulet "Bilaexura" {Faith rF- Int+8 Dex+5} for 807 gold pieces
  1012 | D        | Bought a +1 robe of fire resistance for 127 gold pieces
  1056 | D        | Found a stormy altar of Qazlal.
  1057 | D        | Found a hazy altar of Hepliaklqana.
  1057 | D        | Found a sacrificial altar of Ru.
  1057 | D        | Found an ornate altar of the Wu Jian Council.
  1058 | D        | Found a roughly hewn altar of Beogh.
  1058 | D        | Found a viscous altar of Jiyva.
  1058 | D        | Found a deep blue altar of Sif Muna.
  1059 | D        | Found a snail-covered altar of Cheibriados.
  1059 | D        | Found an ancient bone altar of Kikubaaqudgha.
  1059 | D        | Found a shimmering altar of Xom.
  1059 | D        | Found a bloodstained altar of Trog.
  1060 | D        | Found a shadowy altar of Dithmenos.
  1060 | D        | Found a corrupted altar of Lugonu.
  1061 | D        | Found a white marble altar of Elyvilon.
  1061 | D        | Found a burning altar of Makhleb.
  1062 | D        | Found a blossoming altar of Fedhas.
  1064 | D        | Noticed a polar bear
  1064 | D        | Found an opulent altar of Gozag.
  1064 | D        | Found a glowing golden altar of the Shining One.
  1064 | D        | Found a basalt altar of Yredelemnul.
  1064 | D        | Found a hide-covered altar of Uskayaw.
  1064 | D        | Found a sparkling altar of Nemelex Xobeh.
  1064 | D        | Noticed a hornet
  1064 | D        | Noticed a polar bear
  1065 | D        | Noticed a polar bear
  1069 | D        | Noticed a yaktaur
  1071 | D        | Killed a polar bear
  1073 | D        | Killed a hornet
  1073 | D        | Reached skill level 10 in Spellcasting
  1074 | D        | Found a glowing silver altar of Zin.
  1074 | D        | Found a radiant altar of Vehumet.
  1074 | D        | Found an iron altar of Okawaru.
  1081 | D        | Killed a polar bear
  1081 | D        | Reached skill level 13 in Stealth
  1082 | D        | Killed a polar bear
  1082 | D        | Reached XP level 9. HP: 39/42 MP: 11/24
  1088 | D        | Killed a yaktaur
  1101 | D        | Became a worshipper of Dithmenos the Shadowed
  1124 | D        | Noticed a death yak
  1126 | D        | Killed a death yak
  1126 | D        | Reached skill level 5 in Fighting
  1126 | D        | Reached skill level 14 in Stealth
  1126 | D        | Reached skill level 1 in Invocations
  1137 | D        | Noticed a fire dragon
  1138 | D        | Killed a fire dragon
  1138 | D        | Reached * piety under Dithmenos
  1138 | D        | Reached skill level 10 in Short Blades
  1150 | D        | Noticed a deep elf master archer
  1396 | D        | Reached ** piety under Dithmenos
  1396 | D        | Reached XP level 10. HP: 47/47 MP: 16/26
  1455 | D        | Noticed a death drake
  1472 | D        | Reached skill level 5 in Armour
  1591 | D        | Noticed a kraken
  1762 | D        | Reached *** piety under Dithmenos
  1791 | D        | Noticed an ice statue
  2081 | D        | Gained mutation: You can translocate small distances at will. [potion of mutation]
  2081 | D        | Gained mutation: You are surrounded by a mild repulsion field. (EV +2) [potion of mutation]
  2380 | D        | Killed a death drake
  2380 | D        | Reached skill level 15 in Stealth
  2421 | D        | HP: 2/48 [tentacle[a kraken] (18)]
  3016 | D        | Noticed a death drake
  3016 | D        | Noticed a crystal guardian
  3193 | D        | Killed a death drake
  3200 | D        | Killed from afar by a crystal guardian

Vault maps used:
D:        the_violet_keep_of_menkaure

Skill      XL: |  1  2  3  4  5  6  7  8  9 10 |
---------------+-------------------------------+-----
Fighting       | 1 2 3 4 5 |  5.7
Short Blades   | 3 4 6 7 8 9 10 11 | 11.0
Armour         | 1 2 3 4 5 |  5.3
Dodging        | 5 7 8 9 10 12 13 | 13.9
Stealth        | 7 8 9 11 12 13 14 15 | 15.3
Spellcasting   | 5 6 7 8 9 10 11 12 | 12.2
Hexes          | 4 5 6 7 8 9 |  9.4
Ice Magic      | 1 2 3 4 |  4.6
Conjurations   | 1 2 3 4 |  4.2
Invocations    | 2 |  2.8

Action                   |  1- 3 |  4- 6 |  7- 9 | 10-12 || total
-------------------------+-------+-------+-------+-------++-------
Melee: Dagger            |     7 |    31 |    35 |    24 ||    97
 Cast: Corona            |       |     5 |       |       ||     5
       Ensorcelled Hiber |       |     2 |    22 |    15 ||    39
       Confuse           |       |       |     7 |     1 ||     8
       Dazzling Spray    |       |       |     3 |    16 ||    19
Invok: Shadow Step       |       |       |       |     1 ||     1
  Use: Potion            |     1 |       |       |     2 ||     3
       Scroll            |       |       |       |     5 ||     5
 Stab: Sleeping          |       |     2 |    12 |     8 ||    22
       Confused          |       |       |     4 |     1 ||     5
       Invisible         |       |       |     2 |       ||     2
Dodge: Dodged            |     3 |    23 |    34 |    43 ||   103
